 Dungeon Crawl Stone Soup version 0.28.0-1-gb440e238dd (webtiles) character file.

Game seed: 2238435613161909413

58 Ablot the Grasshopper (level 4, 0/38 HPs)
             Began as a Gnoll Warper on Feb 24, 2022.
             Slain by a kobold (3 damage)
             ... on level 2 of the Dungeon.
             The game lasted 00:01:45 (1863 turns).

Ablot the Grasshopper (Gnoll Warper)                Turns: 1863, Time: 00:01:46

Health: 0/38       AC:  3    Str: 12    XL:     4   Next: 2%
Magic:  20/20      EV: 13    Int: 12    God:
Gold:   62         SH:  0    Dex: 12    Spells: 11/13 levels left

rFire   . . .      SeeInvis .   a - +0 spear
rCold   . . .      Faith    .   (no shield)
rNeg    . . .      Spirit   .   b - +0 leather armour
rPois   .          Reflect  .   (no helmet)
rElec   .          Harm     .   (no cloak)
rCorr   .          Rampage  .   (no gloves)
Will    .....                   (no boots)
Stlth   +.........              (no amulet)
HPRegen 0.12/turn               i - ring of magical power
MPRegen 0.17/turn               (no ring)

@: no status effects
A: fangs 1, strong nose, distributed training
a: no special abilities


You were on level 2 of the Dungeon.
You visited 1 branch of the dungeon, and saw 2 of its levels.

You collected 62 gold pieces.

Inventory:

Hand Weapons
 a - a +0 spear (weapon)
Missiles
 d - 5 boomerangs of dispersal (quivered)
 o - 4 curare-tipped darts
 p - 4 stones
Armour
 b - a +0 leather armour (worn)
Jewellery
 i - a ring of magical power (left hand)
Scrolls
 c - a scroll of blinking
 e - a scroll of vulnerability {unknown}
 g - 3 scrolls of identify {unknown}
 h - a scroll of fog {unknown}
 k - a scroll of enchant armour {unknown}
 m - a scroll of teleportation {unknown}
 n - a scroll of summoning {unknown}
Potions
 f - a potion of ambrosia {unknown}
 j - a potion of flight {unknown}
 l - a potion of heal wounds {unknown}


   Skills:
 + Level 4.6 Fighting
 + Level 1.0 Short Blades
 + Level 1.0 Long Blades
 + Level 1.0 Axes
 + Level 1.0 Maces & Flails
 + Level 4.6 Polearms
 + Level 1.0 Staves
 + Level 1.0 Slings
 + Level 1.0 Bows
 + Level 1.0 Crossbows
 + Level 2.7 Throwing
 + Level 2.7 Armour
 + Level 4.6 Dodging
 + Level 1.0 Stealth
 + Level 1.0 Shields
 + Level 1.0 Unarmed Combat
 + Level 5.0 Spellcasting
 + Level 0.7 Conjurations
 + Level 0.7 Hexes
 + Level 0.7 Summonings
 + Level 0.7 Necromancy
 + Level 5.4 Translocations
 + Level 0.7 Transmutations
 + Level 0.7 Fire Magic
 + Level 0.7 Ice Magic
 + Level 0.7 Air Magic
 + Level 0.7 Earth Magic
 + Level 0.7 Poison Magic
 + Level 1.1 Invocations
 + Level 1.0 Evocations


You had 11 spell levels left.
You knew the following spells:

 Your Spells              Type           Power      Damage    Failure   Level
a - Blink                 Tloc           32%        N/A       4%          2

Your spell library contained the following spells:

 Spells                   Type           Power      Damage    Failure   Level
 Gell's Gravitas          Tloc           16%        N/A       9%          3
 Lesser Beckoning         Tloc           16%        N/A       9%          3
 Teleport Other           Tloc           16%        N/A       9%          3
 Manifold Assault         Tloc           16%        N/A       58%         5


Dungeon Overview and Level Annotations

Branches:
Dungeon (2/15)

Altars:

Shops:
D:1 :   D:2 :


Innate Abilities, Weirdness & Mutations

You have very sharp teeth.
Your uncanny sense of smell can sniff out nearby items.
Your experience applies equally to all skills.


Message History

Your Unarmed Combat skill increases to level 1!
Your Evocations skill increases to level 1!
You have reached level 4!
You feel agile.
You closely miss the jackal. Your bite misses the jackal.
The jackal bites you but does no damage.
You hit the jackal but do no damage. The jackal closely misses you.
You hit the jackal.
The jackal is severely wounded.
The jackal bites you.
* * * LOW HITPOINT WARNING * * *
You closely miss the jackal. You bite the jackal, but do no damage.
The jackal is severely wounded.
The jackal closely misses you. The jackal barely misses you.
You barely miss the jackal.
The jackal is severely wounded.
The jackal bites you.
* * * LOW HITPOINT WARNING * * *
You hit the jackal.
You kill the jackal!
You closely miss something. Something hits you.
* * * LOW HITPOINT WARNING * * *
Unknown command.
Reach: a) +0 spear
Press: ? - help, Dir - move target, f - water moccasin skeleton
Aim: a water moccasin skeleton (about 29% to evade your +0 spear)
You reach to attack!
You hit the water moccasin skeleton.
The water moccasin skeleton is lightly damaged.
Something completely misses you.
You completely miss something. Something hits you but does no damage.
You hit something. Your bite misses something. Something hits you.
* * * LOW HITPOINT WARNING * * *
You barely miss something. Something hits you but does no damage.
You miss something. Your bite misses something.
Something hits you but does no damage.
You miss something. Something hits you.
* * * LOW HITPOINT WARNING * * *
You miss something. You bite something. You closely miss something.
Something hits you.
You die...

#..#####......<........
#..# #..#.#...#.#...#
#).# #. #..._...#..##
#.#####..# .#.<...<.#
.........####...#...#...#
#.......).......##.....##
#####.....#####..###.###
#.....######.....
#.....g{@.......
#...⌠.Z######... #....∩.#
###.⌠.⌠# .## #..Z.#
.....###....##
#Z.......(#
.........###.# ####..##.#
.#


You could see a goblin and a water moccasin skeleton.

Vanquished Creatures
  2 adders (D:2)
  2 dart slugs
  3 bats
  An endoplasm (D:1)
  A giant cockroach (D:1)
  3 goblins
  A hobgoblin (D:1)
  8 jackals
  3 kobolds
  A quokka (D:1)
  3 ball pythons (D:1)
  3 frilled lizards
  5 rats (D:1)
36 creatures vanquished.

Notes
Turn   | Place    | Note
-------+----------+-------------------------------------------
     0 | D:1      | Ablot the Gnoll Warper began the quest for the Orb.
     0 | D:1      | Reached XP level 1. HP: 20/20 MP: 6/6
   238 | D:1      | Reached XP level 2. HP: 13/26 MP: 7/7
   245 | D:1      | Learned a level 2 spell: Blink
   684 | D:1      | Found Faacloudd's Book Shoppe.
   737 | D:1      | Reached XP level 3. HP: 31/31 MP: 9/9
   897 | D:1      | Reached skill level 5 in Spellcasting
  1333 | D:2      | Found a faded altar of an unknown god.
  1438 | D:2      | Reached skill level 1 in Invocations
  1779 | D:2      | Found Odwulom's Book Shoppe.
  1849 | D:2      | Reached skill level 1 in Short Blades
  1849 | D:2      | Reached skill level 1 in Long Blades
  1849 | D:2      | Reached skill level 1 in Axes
  1849 | D:2      | Reached skill level 1 in Maces & Flails
  1849 | D:2      | Reached skill level 1 in Staves
  1849 | D:2      | Reached skill level 1 in Slings
  1849 | D:2      | Reached skill level 1 in Bows
  1849 | D:2      | Reached skill level 1 in Crossbows
  1849 | D:2      | Reached skill level 1 in Stealth
  1849 | D:2      | Reached skill level 1 in Shields
  1849 | D:2      | Reached skill level 1 in Unarmed Combat
  1849 | D:2      | Reached skill level 1 in Evocations
  1849 | D:2      | Reached XP level 4. HP: 13/38 MP: 11/11
  1863 | D:2      | Slain by a kobold

Illustrated notes

Levels and vault maps discovered:
D:1:      ncdulo_wetmaze, layout_basic, serial_shops, nicolae_shop_waterfront,
          hangedman_decor_growths
D:2:      layout_loops_ring, nicolae_ecumenical_pavilion, serial_shops,
          shop_fountains

Skill      XL: |  1  2  3 |
---------------+----------+-----
Spellcasting   | 5 |  5.0
Invocations    | 1 |  1.1
Short Blades   | 1 |  1.0
Long Blades    | 1 |  1.0
Axes           | 1 |  1.0
Maces & Flails | 1 |  1.0
Staves         | 1 |  1.0
Slings         | 1 |  1.0
Bows           | 1 |  1.0
Crossbows      | 1 |  1.0
Stealth        | 1 |  1.0
Shields        | 1 |  1.0
Unarmed Combat | 1 |  1.0
Evocations     | 1 |  1.0
Fighting       | |  4.6
Polearms       | |  4.6
Throwing       | |  2.7
Armour         | |  2.7
Dodging        | |  4.6
Conjurations   | |  0.7
Hexes          | |  0.7
Summonings     | |  0.7
Necromancy     | |  0.7
Translocations | |  5.4
Transmutations | |  0.7
Fire Magic     | |  0.7
Ice Magic      | |  0.7
Air Magic      | |  0.7
Earth Magic    | |  0.7
Poison Magic   | |  0.7

Action                   |  1- 3 |  4- 6 || total
-------------------------+-------+-------++-------
Melee: Spear             |   173 |    15 ||   188
       Bite              |    15 |     2 ||    17
       Punch             |     2 |       ||     2
Armor: Leather armour    |    36 |     4 ||    40
Dodge: Dodged            |    97 |     4 ||   101
